 Seeded DCSS version 0.30-a0-1035-g38d5fb2972 (webtiles) character file.

Game seed: 2607490706239193645 (custom seed)

20 DeathPants the Stinger (level 2, 0/22 HPs)
             Began as a Naga Venom Mage on Apr 8, 2023.
             Slain by a gnoll
             ... wielding a +0 club
              (6 damage)
             ... on level 1 of the Dungeon.
             The game lasted 00:01:33 (458 turns).

DeathPants the Stinger (Naga Venom Mage)             Turns: 458, Time: 00:01:34

Health: 0/22       AC:  1    Str: 10    XL:     2   Next: 79%
Magic:  1/5        EV:  9    Int: 15    God:
Gold:   40         SH:  0    Dex: 11    Spells: 4/5 levels left

rFire   . . .      SeeInvis +    d - +0 dagger
rCold   . . .      Faith    .    (no shield)
rNeg    . . .      Spirit   .    a - +0 robe
rPois   +          Reflect  .    (no helmet)
rElec   .          Rampage  .    (no cloak)
rCorr   .                        (no gloves)
Will    .....                    (no barding)
Stlth   ++                       (no amulet)
HPRegen 0.23/turn                (no ring)
MPRegen 0.09/turn                (no ring)

@: very slow
A: AC +0, large, see invisible, deformed body, poison resistance, slowness 2,
spit poison 1, naga tail 1
a: Spit Poison


You were on level 1 of the Dungeon.
You visited 1 branch of the dungeon, and saw 2 of its levels.

You collected 40 gold pieces.

Inventory:

Hand Weapons
 d - a +0 dagger (weapon)
Armour
 a - a +0 robe (worn)
Scrolls
 c - a scroll of identify {unknown}
 e - a scroll of immolation {unknown}
 h - a scroll of amnesia {unknown}
Potions
 b - a potion of magic
 f - a potion of curing {unknown}
 g - 2 potions of ambrosia {unknown}
 i - a potion of degeneration {unknown}


   Skills:
 - Level 1.5 Dodging
 - Level 3.0 Stealth
 + Level 2.3 Spellcasting
 - Level 1.0 Transmutations
 * Level 4.9 Poison Magic


You had 4 spell levels left.
You knew the following spells:

 Your Spells              Type           Power      Damage    Failure   Level
a - Sting                 Tmut/Pois      40%        1d5       6%          1

Your spell library contained the following spells:

 Spells                   Type           Power      Damage    Failure   Level
 Poisonous Vapours        Pois/Air       18%        N/A       12%         2
 Olgreb's Toxic Radiance  Pois           16%        N/A       28%         4
 Mephitic Cloud           Conj/Pois/Air  6%         N/A       32%         3


Dungeon Overview and Level Annotations

Branches:
Dungeon (2/15)

Altars:

Shops:
D:1 *


Innate Abilities, Weirdness & Mutations

Your serpentine skin is tough. (AC +0)
You have supernaturally acute eyesight. (SInv)
Armour fits poorly on your strangely shaped body.
Your system is resistant to poisons. (rPois)
You cover ground very slowly.
You can spit poison.
You have a snake-like lower body.


Message History

Press: ? - help, Q - select action, (/) - cycle Shift-Dir - straight line, f - goblin
Aim: a goblin, wielding a +0 dagger (64% to hit)
The sting hits the goblin.
The goblin is poisoned.
The goblin is almost dead.
The gnoll shouts!
The goblin hits you with a +0 dagger.
You hit the goblin.
You kill the goblin!
You hit the quokka.
The quokka is heavily wounded.
The quokka bites you.
You hit the quokka but do no damage.
The quokka is heavily wounded.
The quokka bites you.
You hit the quokka.
The quokka is almost dead.
The quokka bites you.
You closely miss the quokka.
The quokka is almost dead.
The quokka bites you but does no damage.
The quokka barely misses you.
Aiming: Sting (safe; 6% risk of failure)
Press: ? - help, Q - select action, (/) - cycle Shift-Dir - straight line, f - quokka
Aim: a quokka (almost dead, 60% to hit)
The sting hits the quokka.
The quokka is poisoned.
You kill the quokka!
Aiming: Sting (safe; 6% risk of failure)
Press: ? - help, Q - select action, (/) - cycle Shift-Dir - straight line, f - gnoll
Aim: a gnoll, wielding a +0 club (75% to hit)
The sting hits the gnoll.
The gnoll is poisoned.
The gnoll is lightly wounded.
The gnoll hits you with a +0 club.
* * * LOW HITPOINT WARNING * * *
Aiming: Sting (safe; 6% risk of failure)
Press: ? - help, Q - select action, (/) - cycle Shift-Dir - straight line, f/p - gnoll
Aim: a gnoll, wielding a +0 club (lightly wounded, poisoned, 75% to hit)
The sting hits the gnoll.
The gnoll looks even sicker.
The gnoll is moderately wounded.
The gnoll hits you with a +0 club.
You die...

#†...#..........
#....###########
#....#
###....########
#######''...[.......#
.............######.#
.............#
..........####
#######@### ###
#######g#### #..
...........# ###.#
$..........# #...
...........# ##.#.
..[........# .#....#
...........# ...#...
...$.(.....# #.....
PP.........# ####...


You could see a gnoll (very poisoned).

Vanquished Creatures
  An adder (D:2)
  2 bats (D:1)
  2 endoplasms (D:1)
  2 goblins (D:1)
  A quokka (D:1)
  A ball python (D:1)
  A rat (D:1)
10 creatures vanquished.

Vanquished Creatures (others)
  6 plants (D:1)
6 creatures vanquished.

Grand Total: 16 creatures vanquished

Notes
Turn   | Place    | Note
-------+----------+-------------------------------------------
     0 | D:1      | DeathPants the Naga Venom Mage began the quest for the Orb.
     0 | D:1      | Reached XP level 1. HP: 15/15 MP: 3/3
   249 | D:2      | Reached XP level 2. HP: 1/22 MP: 0/5
   443 | D:1      | Found Daqorirr's General Store.
   458 | D:1      | Slain by a gnoll

Illustrated notes

Levels and vault maps discovered:
D:1:      dpeg_arrival_orchard, layout_basic, serial_shops, shop,
          nicolae_grassy_gnolls
D:2:      layout_basic, basic_altar

Action                     || total
---------------------------++-------
  Melee: Dagger            ||    17
         Unarmed           ||     1
   Cast: Sting             ||    15
Ability: Spit Poison       ||     2
 Armour: Robe              ||    11
  Dodge: Dodged            ||     9

Table legend: (Time is in decaauts)
 A = Elapsed time spent in this place.
 B = Non-inter-level travel time spent in this place.
 C = Inter-level travel time spent in this place.
 D = Time resting spent in this place.
 E = Time spent auto-exploring this place.
 F = Levels seen in this place.
 G = Mean time per level.
                   A        B        C        D        E       F      G
               +--------+--------+--------+--------+--------+-----+--------+
         Total |    541 |    541 |      0 |      0 |    413 |   2 |  270.5 |
       Dungeon |    541 |    541 |      0 |      0 |    413 |   2 |  270.5 |
               +--------+--------+--------+--------+--------+-----+--------+

Top non-repeatable levels by time:
     D:1: 532 daAuts
     D:2: 8 daAuts
